 Dungeon Crawl Stone Soup version 0.19.0-11-g3fc08b3 (webtiles) character file.

23841 Jaroslav the Bludgeoner (level 12, -18/116 HPs)
             Began as a Minotaur Berserker on Nov 8, 2016.
             Was the Champion of Trog.
             Killed from afar by Nikola (28 damage)
             ... with a chain lightning
             ... on level 1 of the Shoals on Nov 9, 2016.
             The game lasted 01:05:40 (13381 turns).

Jaroslav the Bludgeoner (Minotaur Berserker)       Turns: 13381, Time: 01:05:42

Health: -18/116    AC: 25    Str: 28    XL:     12   Next: 75%
Magic:  11/11      EV: 12    Int:  8    God:    Trog [******]
Gold:   907        SH:  0    Dex: 14    Spells: 0 memorised, 11 levels left

rFire  . . .     SeeInvis .     N - +4 dire flail of the Original Sin {venom, Str+3 Int+4}
rCold  + . .     Gourm    .     U - +3 chain mail "Gonot" {rC+}
rNeg   . . .     Faith    .     (shield currently unavailable)
rPois  .         Spirit   .     d - +0 hat
rElec  .         Reflect  .     w - +2 cloak {MR+}
rCorr  .         Harm     .     j - +0 pair of gloves (curse)
MR     +....                    W - +2 pair of boots
Stlth  ..........               (no amulet)
                                C - +2 ring of strength
                                s - +5 ring of slaying

@: no status effects
A: retaliatory headbutt, horns 2
a: Berserk, Trog's Hand, Brothers in Arms, Burn Spellbooks, Renounce Religion


You were on level 1 of the Shoals.
You worshipped Trog.
Trog was exalted by your worship.
You were not hungry.

You visited 4 branches of the dungeon, and saw 15 of its levels.
You also visited: Sewer.

You collected 907 gold pieces.

Inventory:

Hand Weapons
 f - a +2 flail of flaming
 p - a +6 flail of protection
 q - a +0 flail
 v - a +3 quarterstaff of chaos
 x - a +2 morningstar of protection
 I - a +1 hunting sling of flaming
 M - a +2 mace of crushing
 N - the +4 dire flail of the Original Sin (weapon) {venom, Str+3 Int+4}
   (Trog gifted it to you on level 9 of the Dungeon)

   It poisons the flesh of those it strikes.
   It affects your strength (+3).
   It affects your intelligence (+4).
 R - a +3 longbow of freezing
Missiles
 k - 5 javelins of returning (quivered)
Armour
 d - a +0 hat (worn)
 j - a cursed +0 pair of gloves (worn)
 m - a +0 chain mail of cold resistance
 w - a +2 cloak of magic resistance (worn)
 B - a +0 plate armour
 U - the +3 chain mail "Gonot" (worn) {rC+}
   (You found it on level 3 of the Lair of Beasts)

   It protects you from cold.
 W - a +2 pair of boots (worn)
Jewellery
 a - an uncursed ring of protection from fire
 s - a +5 ring of slaying (left hand)
 C - a +2 ring of strength (right hand)
 G - a +3 ring of intelligence
 J - an uncursed amulet of rage {unknown}
Wands
 K - a wand of lightning (9/15)
 L - a wand of flame (7/48)
 T - a wand of flame (32/48)
Scrolls
 l - 6 scrolls of remove curse
 n - a scroll of fog
 y - 3 scrolls of magic mapping
 E - 5 scrolls of teleportation
 P - a scroll of recharging
Potions
 b - 2 potions of flight
 e - 2 potions of degeneration {unknown}
 h - 2 potions of mutation
 i - 2 potions of haste {unknown}
 t - a potion of magic {unknown}
 u - 2 potions of heal wounds {unknown}
 z - a potion of cancellation {unknown}
 D - 2 potions of brilliance
 F - 4 potions of might
 H - 2 potions of cure mutation {unknown}
 S - 2 potions of agility {unknown}
 V - a potion of berserk rage {unknown}
Books
 O - a book of Debilitation

   Spells                             Type                      Level
   a - Corona                         Hexes                        1
   b - Slow                           Hexes                        2
   c - Gell's Gravitas                Hexes/Translocation          3
   d - Inner Flame                    Hexes/Fire                   3
   e - Cause Fear                     Hexes                        4
   f - Leda's Liquefaction            Hexes/Earth                  4
   Trog disapproves of the use of such an item.
Comestibles
 c - 5 bread rations
 g - 2 fruits
 o - 6 chunks of flesh
 r - 4 meat rations
 Q - 6 royal jellies


   Skills:
 + Level 13.8 Fighting
 - Level 15.3 Maces & Flails
 + Level 14.1 Armour
 - Level 5.0 Dodging


You had 11 spell levels left.
You didn't know any spells.

Dungeon Overview and Level Annotations

Branches:
Dungeon (9/15)             Temple (1/1) D:7            Lair (4/6) D:9
 Shoals (1/4) Lair:4        Snake (0/4) Lair:2          Orc (0/2) D:9

Altars:
Elyvilon
Trog
Uskayaw
Vehumet
Beogh

Annotations:
Shoals:1 exclusion: Roxanne, Nikola, Roxanne


Innate Abilities, Weirdness & Mutations

You reflexively headbutt those who attack you in melee.
You have a pair of horns on your head.


Message History

Nikola the Mad Inventor comes into view.
He is wielding a rapier of electrocution.
Nikola shouts!
Nikola mumbles some strange words.
You hear a mighty clap of thunder!
The lightning arc hits you!
The lightning arc hits Nikola.
The lightning arc hits you!
The lightning arc hits Nikola.
The lightning arc hits you!
* * * LOW HITPOINT WARNING * * *
The lightning arc hits Nikola.
You hear a shout! x3; You hear an angry hiss. x2
Found a scroll of amnesia.
Okay, then.
As you read the scroll of fear, it crumbles to dust.
You assume a fearsome visage.
Nikola resists with some effort.
Nikola casts a spell.
You hear a mighty clap of thunder!
The lightning arc hits you!
* * * LOW HITPOINT WARNING * * *
The lightning arc hits Nikola.
The lightning arc hits you!
You die...

≈≈≈≈≈?≈.....≈≈≈≈≈≈≈≈≈≈
≈≈≈≈≈≈≈≈≈...#.≈≈≈≈≈≈≈≈≈≈
≈≈≈(≈≈≈≈≈.....≈≈≈≈≈≈≈≈≈≈
≈≈.≈≈≈≈≈≈.≈≈≈≈≈≈≈≈≈≈≈≈≈≈
≈..≈≈≈≈≈≈≈≈≈≈≈≈≈≈≈≈≈≈≈≈≈
..≈≈≈≈≈≈≈≈≈≈≈≈≈≈≈≈≈≈≈≈≈≈
.≈≈≈≈≈.≈≈≈≈≈^≈.≈≈≈≈≈≈≈≈≈
.≈≈≈≈.≈≈≈≈≈≈≈≈.≈≈≈≈≈≈≈≈≈
≈≈≈≈≈..@≈.≈≈≈≈≈≈≈≈≈≈≈≈≈≈
≈≈≈≈≈≈@###.≈≈.#.÷≈≈≈≈≈≈≈
.###... #.≈≈##.≈≈≈≈≈≈≈≈
#......≈≈≈...≈≈≈≈≈≈≈≈
#...≈≈....≈≈≈≈≈≈≈≈≈≈≈≈
....≈≈≈..P..≈≈≈≈≈≈≈≈≈≈≈
≈≈≈.?.P..###.≈≈≈≈≈≈≈≈≈≈≈
≈≈.###!.# #..≈≈≈≈≈≈≈≈≈≈
#.≈≈≈≈≈≈≈≈≈≈≈


You could see Nikola.

Vanquished Creatures
  A hydra (Lair:1)
  A sea snake (Shoals:1)
  Pikel (D:6)
  2 manticores
  3 black mambas
  3 spiny frogs
  A rime drake (Lair:4)
  3 komodo dragons
  A queen bee (Lair:2)
  A troll (D:8)
  A polar bear (Lair:4)
  Prince Ribbit (D:5)
  2 merfolk (Shoals:1)
  Grinder (D:5)
  4 hippogriffs
  7 blink frogs (Lair:1)
  Sigmund (D:2)
  29 yaks
  A wyvern (Lair:1)
  A water elemental (Shoals:1)
  3 basilisks
  Menkaure (D:4)
  2 nagas (Lair:2)
  Edmund (D:5)
  7 water moccasins
  Duvessa (D:4)
  7 porcupines
  3 slaves (D:6)
  10 orc warriors
  A sky beast (D:8)
  2 black bears
  2 phantoms
  4 ogres
  3 ice beasts
  4 centaurs
  A wolf (Lair:4)
  7 crocodiles
  3 big kobolds (D:5)
  Blork the orc (D:4)
  11 bullfrogs
  2 scorpions
  Dowan (D:4)
  3 wights (D:7)
  24 killer bees (Lair:2)
  6 electric eels
  3 howler monkeys
  6 crimson imps
  3 hounds
  7 orc priests
  Crazy Yiuf (D:2)
  3 jellies
  7 orc wizards
  2 centaur skeletons
  2 iguanas
  6 worker ants
  7 gnolls
  A howler monkey zombie (D:7)
  10 adders
  10 river rats
  2 shadow imps
  3 oozes
  A worm zombie (D:8)
  4 adder skeletons
  2 adder zombies
  2 worms
  A dart slug (D:1)
  9 leopard geckos
  40 orcs
  7 ball pythons
  6 bats
  7 giant cockroaches
  9 goblins
  14 hobgoblins
  6 jackals
  3 quokkas
  14 frilled lizards
  A goblin zombie (D:8)
  A jackal skeleton (D:8)
  A jackal zombie (D:5)
  40 kobolds
  A quokka skeleton (D:9)
  A quokka zombie (D:6)
  26 rats
444 creatures vanquished.

Vanquished Creatures (collateral kills)
  A manticore (Shoals:1)
  A wind drake (Shoals:1)
  10 yaks (D:8)
  A quokka (D:8)
13 creatures vanquished.

Vanquished Creatures (others)
  A fungus (D:9)
1 creature vanquished.

Grand Total: 458 creatures vanquished

Notes
Turn   | Place    | Note
-------+----------+-------------------------------------------
     0 | D:1      | Jaroslav the Minotaur Berserker began the quest for the Orb.
     0 | D:1      | Reached XP level 1. HP: 19/19 MP: 0/0
   148 | D:1      | Reached XP level 2. HP: 21/27 MP: 1/1
   340 | D:1      | Reached skill level 4 in Maces & Flails
   832 | D:2      | Noticed Sigmund
   841 | D:2      | Killed Sigmund
   841 | D:2      | Reached skill level 5 in Fighting
   841 | D:2      | Reached skill level 5 in Maces & Flails
   841 | D:2      | Reached XP level 3. HP: 36/36 MP: 2/2
   841 | D:2      | Reached XP level 4. HP: 42/42 MP: 3/3
   841 | D:2      | Reached XP level 5. HP: 48/48 MP: 4/4
   855 | D:2      | Reached ** piety under Trog
  1062 | D:2      | Found a runed door.
  1307 | D:2      | Noticed Crazy Yiuf
  1316 | D:2      | Killed Crazy Yiuf
  1316 | D:2      | Reached skill level 6 in Maces & Flails
  1445 | D:3      | Reached XP level 6. HP: 54/56 MP: 5/5
  1518 | D:3      | Reached *** piety under Trog
  1910 | D:4      | Noticed Blork the orc
  1920 | D:4      | Killed Blork the orc
  2008 | D:4      | Noticed Dowan
  2009 | D:4      | Noticed Duvessa
  2015 | D:4      | Killed Dowan
  2015 | D:4      | Reached skill level 7 in Maces & Flails
  2021 | D:4      | Killed Duvessa
  2021 | D:4      | Reached XP level 7. HP: 62/62 MP: 6/6
  2218 | D:4      | Noticed Menkaure
  2224 | D:4      | Killed Menkaure
  2242 | D:4      | Reached skill level 8 in Maces & Flails
  2682 | D:4      | Reached skill level 5 in Armour
  2795 | D:4      | Reached XP level 8. HP: 70/70 MP: 7/7
  2903 | D:5      | Entered Level 5 of the Dungeon
  2920 | D:5      | Found a white marble altar of Elyvilon.
  3022 | D:5      | Noticed Grinder
  3023 | D:5      | Noticed Edmund
  3029 | D:5      | Reached **** piety under Trog
  3031 | D:5      | Killed Grinder
  3031 | D:5      | Reached skill level 9 in Maces & Flails
  3037 | D:5      | Killed Edmund
  3243 | D:5      | Found a glowing drain.
  3252 | Sewer    | Entered a sewer
  3704 | D:5      | Noticed Prince Ribbit
  3713 | D:5      | Killed Prince Ribbit
  3713 | D:5      | Reached skill level 10 in Maces & Flails
  3947 | D:5      | Reached XP level 9. HP: 74/79 MP: 8/8
  3989 | D:5      | Reached ***** piety under Trog
  4012 | D:5      | Reached skill level 11 in Maces & Flails
  4799 | D:6      | Noticed Pikel
  4811 | D:6      | Killed Pikel
  5187 | D:7      | Reached skill level 12 in Maces & Flails
  5235 | D:7      | Received a gift from Trog
  5359 | D:7      | Reached skill level 13 in Maces & Flails
  5361 | D:7      | Reached XP level 10. HP: 90/90 MP: 9/9
  5467 | D:7      | Found a staircase to the Ecumenical Temple.
  5476 | Temple   | Entered the Ecumenical Temple
  6532 | D:8      | Reached skill level 14 in Maces & Flails
  7194 | D:9      | Found a radiant altar of Vehumet.
  7287 | D:9      | Reached XP level 11. HP: 99/99 MP: 10/10
  7488 | D:9      | Reached skill level 10 in Fighting
  7490 | D:9      | Reached skill level 15 in Maces & Flails
  7503 | D:9      | Reached ****** piety under Trog
  7760 | D:9      | Found a staircase to the Lair.
  7855 | D:9      | Reached skill level 5 in Dodging
  7874 | D:9      | Received a gift from Trog
  7893 | D:9      | Found a roughly hewn altar of Beogh.
  7893 | D:9      | Found a staircase to the Orcish Mines.
  7904 | D:9      | Got a transparent dire flail {god gift}
  8147 | D:9      | Identified the +4 dire flail of the Original Sin {venom, Str+3 Int+4} (Trog gifted it to you on level 9 of the Dungeon)
  8421 | Lair:1   | Entered Level 1 of the Lair of Beasts
  8421 | Lair:1   | Noticed a seven-headed hydra
  8429 | Lair:1   | Killed a seven-headed hydra
  8429 | Lair:1   | Reached skill level 10 in Armour
  9945 | Lair:2   | Reached XP level 12. HP: 85/112 MP: 11/11
 10439 | Lair:2   | Found a staircase to the Snake Pit.
 10441 | Lair:2   | Received a gift from Trog
 10730 | Lair:2   | Snakepit
 10843 | Lair:3   | Got a slimy chain mail
 10859 | Lair:3   | Identified the +3 chain mail "Gonot" {rC+} (You found it on level 3 of the Lair of Beasts)
 12655 | Lair:4   | Found a staircase to the Shoals.
 12846 | Shoals:1 | Entered Level 1 of the Shoals
 13056 | Shoals:1 | Noticed Roxanne
 13380 | Shoals:1 | Noticed Nikola
 13381 | Shoals:1 | Killed from afar by Nikola

Skill      XL: |  1  2  3  4  5  6  7  8  9 10 11 12 |
---------------+-------------------------------------+-----
Fighting       | 5 6 7 8 9 12 13 | 13.8
Maces & Flails | 5 6 7 8 10 13 14 15 | 15.3
Armour         | 3 4 5 6 7 9 11 14 | 14.1
Dodging        | 3 4 5 |  5.0

Action                   |  1- 3 |  4- 6 |  7- 9 | 10-12 || total
-------------------------+-------+-------+-------+-------++-------
Melee: Mace              |    41 |    63 |       |       ||   104
       Headbutt          |     7 |    21 |    37 |   127 ||   192
       Flail             |       |    25 |       |   220 ||   245
       Morningstar       |       |    15 |   265 |    15 ||   295
       Dire flail        |       |       |       |   277 ||   277
Throw: Javelin           |       |       |       |     3 ||     3
Invok: Berserk           |     1 |     3 |     5 |     5 ||    14
       Brothers in Arms  |       |       |       |     2 ||     2
Evoke: Wand              |       |       |       |     4 ||     4
  Use: Scroll            |     3 |     5 |     8 |    10 ||    26
       Potion            |       |       |       |     4 ||     4
  Eat: Chunk             |       |     6 |     5 |    20 ||    31
       Bread ration      |       |       |     1 |     1 ||     2
       Beef jerky        |       |       |     1 |     1 ||     2
       Meat ration       |       |       |     1 |     1 ||     2
       Fruit             |       |       |       |     3 ||     3
Armor: Animal skin       |     3 |       |       |       ||     3
       Scale mail        |     5 |       |       |       ||     5
       Leather armour    |     4 |       |       |       ||     4
       Chain mail        |     1 |    51 |   136 |   209 ||   397
Dodge: Dodged            |    19 |    43 |   119 |   212 ||   393
